 Dungeon Crawl Stone Soup version 0.29.1-15-g9cfb28693d (webtiles) character file.

Game seed: 9524959055721555133

4229 Angrytalen the Basher (level 10, -3/68 (84) HPs)
             Began as a Yellow Draconian Berserker on Nov 3, 2023.
             Was a Believer of Trog.
             Slain by a wight
             ... wielding a +0 great sword
             ... summoned by a vampire mage
              (4 damage)
             ... on level 1 of the Abyss.
             The game lasted 01:18:06 (9363 turns).

Angrytalen the Basher (Yellow Draconian Berserker)  Turns: 9363, Time: 01:18:07

HP:   -3/68 (84)    AC: 10    Str: 22    XL:     10   Next: 9%
MP:   10/10         EV: 19    Int:  7    God:    Trog [**....]
Gold: 381           SH:  0    Dex: 16    Spells: 9/9 levels left

rFire   . . .      SeeInvis .   e - +5 whip (freeze)
rCold   . . .      Faith    .   (no shield)
rNeg    . . .      Spirit   .   (body armour unavailable)
rPois   +          Reflect  .   (helmet restricted)
rElec   .          Harm     +   (no cloak)
rCorr   +          Rampage  .   (no gloves)
Will    +++..                   c - +2 pair of boots of Bydefomm {Harm Will+ Dex+3}
Stlth   +++.......              (no amulet)
HPRegen 1.21/turn               k - ring of poison resistance
MPRegen 0.12/turn               m - +4 ring of evasion

@: strong-willed, regenerating, heavily drained
A: spit acid, AC +7, unfitting armour, cold-blooded, acid resistance
a: Breathe Acid, Renounce Religion, Berserk, Trog's Hand


You were on level 1 of the Abyss.
You worshipped Trog.
Trog was pleased with you.
You visited 2 branches of the dungeon, and saw 10 of its levels.
You visited the Abyss 1 time.

You collected 381 gold pieces.

Inventory:

Hand Weapons
 a - a +0 spear
 e - a +5 whip of freezing (weapon)
 i - a +2 rapier of speed
 j - a +4 short sword
 o - a +0 dagger of holy wrath
 B - the +6 whip "Vevump" {freeze, rN++ rCorr Str-5 Dex+2}
   (You found it on level 7 of the Dungeon)

   It freezes those it strikes, dealing additional cold damage.
   It can also slow down cold-blooded creatures.
   Str:       It affects your strength (-5).
   Dex:       It affects your dexterity (+2).
   rN:        It greatly protects you from negative energy.
   rCorr:     It protects you from acid and corrosion.
Missiles
 b - 73 stones
 t - 6 javelins (quivered)
Armour
 c - the +2 pair of boots of Bydefomm (worn) {Harm Will+ Dex+3}
   (You acquired it on level 1 of the Dungeon)

   Dex:       It affects your dexterity (+3).
   Harm:      It increases damage dealt and taken.
   Will:      It increases your willpower.
 h - a +0 helmet
 p - a +0 leather armour
 y - the +2 ring mail "Ysam" {Stlth+}
   (You found it on level 5 of the Dungeon)

   Stlth:     It makes you more stealthy.
 I - a +0 leather armour of poison resistance
Jewellery
 k - a ring of poison resistance (left hand)
 m - a +4 ring of evasion (right hand)
 z - a ring of positive energy
 F - a ring of flight
Wands
 w - a wand of light (9)
 x - a wand of mindburst (22)
Scrolls
 l - a scroll of blinking
 q - a scroll of silence
 r - 4 scrolls of enchant armour
 v - 3 scrolls of amnesia
 A - 2 scrolls of summoning
 D - 2 scrolls of magic mapping
 H - a scroll of poison
Potions
 d - a potion of lignification
 f - 2 potions of curing
 g - 2 potions of haste
 n - 2 potions of might
 C - a potion of ambrosia {unknown}
 E - a potion of brilliance {unknown}
 G - 3 potions of mutation {unknown}


   Skills:
 + Level 6.8 Fighting
 + Level 8.7 Maces & Flails
 + Level 4.0 Polearms
 + Level 5.2 Throwing
 + Level 5.9 Dodging
 + Level 5.5 Stealth


You had 9 spell levels left.
You didn't know any spells.
Your spell library contained the following spells:

 Spells                   Type           Power      Damage    Failure   Level
 Apportation              Tloc           0%         N/A       43%         1
 Beastly Appendage        Tmut           0%         N/A       43%         1
 Magic Dart               Conj           0%         1d3       43%         1
 Summon Small Mammal      Summ           0%         N/A       43%         1
 Ensorcelled Hibernation  Hex/Ice        0%         N/A       56%         2
 Passwall                 Tmut/Erth      0%         N/A       56%         2
 Searing Ray              Conj           0%         2d4       56%         2
 Wereblood                Tmut           0%         N/A       56%         2
 Call Canine Familiar     Summ           0%         N/A       80%         3
 Spider Form              Tmut/Pois      0%         N/A       80%         3
 Summon Guardian Golem    Hex/Summ       0%         N/A       80%         3
 Swiftness                Air            0%         N/A       80%         3
 Fulminant Prism          Conj/Hex       0%         3d6       99%         4
 Alistair's Intoxication  Tmut/Pois      0%         N/A       100%        5


Dungeon Overview and Level Annotations

Branches:
Dungeon (9/15)             Temple (1/1) D:6
   Lair: D:8-11         Orc: D:9-12

Altars:
Dithmenos
Fedhas
Gozag
Kikubaaqudgha
Makhleb
Nemelex Xobeh
Trog
Uskayaw
Vehumet
Wu Jian
Xom
The Shining One

Shops:
D:2 ((!

Annotations:
D:9 Psyche


Innate Abilities, Weirdness & Mutations

You can spit globs of acid.
Your golden yellow scales are hard. (AC +7)
You cannot fit into any form of body armour.
You are cold-blooded and may be slowed by cold attacks.
You are resistant to acid. (rCorr)


Message History

The spectral emperor scorpion closely misses you.
The spectral emperor scorpion claws you.
You feel drained.
You hear some strange, mumbled words.
The spectral emperor scorpion closely misses you.
The spectral emperor scorpion misses you.
The spectral emperor scorpion claws you but does no damage.
A daeva comes into view.
It is wielding a +4 scimitar of holy wrath.
The spectral emperor scorpion misses you.
The spectral emperor scorpion closely misses you.
The spectral emperor scorpion barely misses you.
The spectral emperor scorpion hits you.
The spectral emperor scorpion claws you but does no damage. x2
The spectral emperor scorpion closely misses you.
The spectral emperor scorpion barely misses you.
The spectral emperor scorpion closely misses you.
The spectral emperor scorpion closely misses you.
The spectral emperor scorpion claws you but does no damage. x2
The spectral emperor scorpion hits you but does no damage.
The spectral emperor scorpion claws you.
You feel drained.
The spectral emperor scorpion claws you.
You feel drained. Something hits you but does no damage.
Something bites you but does no damage. Something hits you!
* * * LOW HITPOINT WARNING * * *
Something bites you but does no damage.
The daeva shouts!
You hear some strange, mumbled words.
Unknown command.
Your skin crawls.
You feel strong-willed. The vampire hits you.
* * * LOW HITPOINT WARNING * * *
The vampire bites you.
* * * LOW HITPOINT WARNING * * *
The vampire draws strength from your injuries!
The wight hits you with a +0 great sword!
* * * LOW HITPOINT WARNING * * *
You feel drained.
You die...

.. ## ... .#
#.## ..## #.
... . .# ..
#..##.§.#.###
#..#.#§.. ..#
#.V#Z### ##
#.@zM#..#.
####.#. .#
......##n##.#
####...##.n#
.. #####..##
#..## #.§#.#
## #.##..§
###... ### #
.###.#.#


You could see a vampire (summoned), 2 necrophages, a mummy (summoned), a wight
(summoned) and an iron giant zombie (summoned).

Vanquished Creatures
  Pikel (D:8)
  A ynoxinul (Abyss:1)
  12 yaks (D:8)
  A steam dragon (D:8)
  A water moccasin (D:7)
  A sky beast (D:7)
  A large abomination (Abyss:1)
  An orc warrior (D:8)
  An ogre (D:6)
  A centaur (D:7)
  2 lemures (D:8)
  3 bullfrogs
  A kobold brigand (D:8)
  3 necrophages
  2 scorpions
  A gnoll sergeant (D:7)
  A howler monkey (D:8)
  2 jellies
  A quasit (Abyss:1)
  An orc priest (D:3)
  5 hounds
  2 iguanas (D:5)
  2 orc wizards
  3 adders
  5 gnolls
  A white imp (Abyss:1)
  14 orcs
  2 bats
  4 endoplasms
  4 giant cockroaches
  9 goblins
  7 hobgoblins
  A jackal (D:2)
  3 quokkas
  8 ball pythons
  2 frilled lizards
  14 kobolds
  A rat (D:2)
125 creatures vanquished.

Notes
Turn   | Place    | Note
-------+----------+-------------------------------------------
     0 | D:1      | Angrytalen the Draconian Berserker began the quest for the
                  | Orb.
     0 | D:1      | Reached XP level 1. HP: 19/19 MP: 1/1
   171 | D:1      | Reached XP level 2. HP: 26/26 MP: 2/2
   531 | D:1      | Identified a scroll of acquirement
   531 | D:1      | Acquired the +2 pair of boots of Bydefomm {Harm Will+
                  | Dex+3}
   712 | D:2      | Found Mintuc's Distillery.
   813 | D:2      | Reached ** piety under Trog
   814 | D:2      | Reached XP level 3. HP: 33/33 MP: 3/3
  1033 | D:2      | Found Buoseabeva's Antique Weapon Emporium.
  1062 | D:2      | Found Yngel's Antique Weapon Shop.
  1066 | D:2      | Found a faded altar of an unknown god.
  1137 | D:2      | Reached XP level 4. HP: 40/40 MP: 4/4
  1500 | D:3      | Reached skill level 1 in Maces & Flails
  1505 | D:3      | Reached skill level 2 in Maces & Flails
  1524 | D:3      | Reached XP level 5. HP: 31/46 MP: 5/5
  2954 | D:5      | Entered Level 5 of the Dungeon
  2981 | D:5      | Reached skill level 1 in Stealth
  3086 | D:5      | Reached skill level 3 in Maces & Flails
  3086 | D:5      | Reached XP level 6. HP: 52/53 MP: 6/6
  3324 | D:5      | Reached skill level 1 in Throwing
  3332 | D:5      | Reached skill level 4 in Maces & Flails
  3443 | D:5      | Identified the +2 ring mail "Ysam" {Stlth+}
  3496 | D:5      | Your scales start taking on a golden yellow colour.
  3496 | D:5      | Reached XP level 7. HP: 60/60 MP: 7/7
  3496 | D:5      | Gained mutation: You are resistant to acid. (rCorr) [Yellow
                  | Draconian growth]
  4029 | D:6      | Found a staircase to the Ecumenical Temple.
  4253 | Temple   | Entered the Ecumenical Temple
  5051 | D:6      | You fall into a shaft and drop 2 floors!
  5177 | D:7      | Reached skill level 5 in Fighting
  5177 | D:7      | Reached skill level 5 in Maces & Flails
  5383 | D:7      | Reached XP level 8. HP: 52/68 MP: 8/8
  5668 | D:6      | Found a glowing golden altar of the Shining One.
  6185 | D:7      | Identified the +6 whip "Vevump" {freeze, rN++ rCorr Str-5
                  | Dex+2}
  7084 | D:8      | Reached skill level 6 in Maces & Flails
  7111 | D:8      | Reached skill level 5 in Dodging
  7111 | D:8      | Reached XP level 9. HP: 36/75 MP: 9/9
  7125 | D:8      | Reached skill level 7 in Maces & Flails
  7733 | D:8      | Reached skill level 5 in Stealth
  7815 | D:8      | Reached skill level 8 in Maces & Flails
  8058 | D:8      | Reached skill level 5 in Throwing
  8141 | D:8      | Reached *** piety under Trog
  8657 | D:8      | Noticed Pikel
  8707 | D:8      | Killed Pikel
  8708 | D:8      | Reached XP level 10. HP: 84/84 MP: 10/10
  8726 | D:9      | Noticed Psyche
  8734 | Abyss:1  | Cast into level 1 of the Abyss (Psyche)
  8968 | Abyss:1  | Noticed a green death
  8972 | Abyss:1  | Noticed an apocalypse crab
  8988 | Abyss:1  | HP: 3/83 [apocalypse crab/blast of chaos (8)]
  8990 | Abyss:1  | HP: 1/83 [poisoned by a green death (poison arrow)]
  9322 | Abyss:1  | Noticed a vampire mage
  9335 | Abyss:1  | Noticed a spectral emperor scorpion
  9350 | Abyss:1  | Noticed a daeva
  9363 | Abyss:1  | HP: 1/71 [wight/+0 great sword[a vampire mage] (16)]
  9363 | Abyss:1  | Slain by a wight

Illustrated notes

Levels and vault maps discovered:
D:1:      dpeg_arrival_rooms_b, layout_basic
D:2:      layout_rooms, ebering_ecumenical_altar_abandoned, serial_glass,
          glass_columns_c, glass_columns_b, glass_columns_b, glass_columns_a,
          glass_columns_a, glass_columns_a, serial_shops,
          nicolae_shop_overgrown_old_shop, shop, shop, minmay_between
D:3:      layout_basic, grunt_ministairs_2
D:4:      minmay_skewed_foursquare, layout_rooms, minmay_quantized
D:5:      layout_loops_ring, kennysheep_generic_room_4
D:6:      layout_basic, nicolae_tso_carved_into_rock,
          minmay_temple_entry_sparse_star
D:7:      layout_basic, hangedman_abyss_or_decor_passed,
          kennysheep_generic_room_3
D:8:      layout_basic, hangedman_decor_peaks_small, kennysheep_generic_room_14,
          uniq_pikel
D:9:      layout_cave_pools, kennysheep_mini, enter_bailey_3, uniq_psyche
Temple:   mainiacjoe_temple_big_plus
Abyss:1:  base: D:1, spicy_abyss_unhelpful_harpoons, evilmike_abyss_exit_8

Skill      XL: |  1  2  3  4  5  6  7  8  9 |
---------------+----------------------------+-----
Dodging        | 3 4 5 |  5.9
Fighting       | 4 5 6 |  6.8
Maces & Flails | 2 3 4 5 6 8 |  8.7
Polearms       | 4 |  4.0
Stealth        | 1 2 3 4 5 |  5.5
Throwing       | 1 2 3 5 |  5.2

Action                   |  1- 3 |  4- 6 |  7- 9 | 10-12 || total
-------------------------+-------+-------+-------+-------++-------
Melee: Spear             |    15 |       |       |       ||    15
       Whip              |    39 |    84 |   163 |    47 ||   333
       Tailslap          |     8 |    14 |    23 |     6 ||    51
       Punch             |     1 |     1 |     1 |     2 ||     5
Throw: Stone             |     5 |     3 |     7 |       ||    15
       Javelin           |       |     9 |    33 |       ||    42
Invok: Berserk           |     1 |     3 |    10 |     1 ||    15
       Trog's Hand       |       |       |       |     1 ||     1
 Abil: Breathe Acid      |       |       |     2 |       ||     2
  Use: Scroll            |     2 |    12 |     7 |     2 ||    23
       Potion            |       |       |     2 |     3 ||     5
 Stab: Sleeping          |       |       |     2 |     1 ||     3
Armor: Skin              |    17 |    12 |    46 |    28 ||   103
Dodge: Dodged            |    36 |    54 |   115 |    78 ||   283
